[Event "December 12 Early 2023"]
[Site "https://www.chess.com"]
[Date "2023.12.12"]
[Round "6"]
[White "Aronian, Levon"]
[Black "Bortnyk, Olexandr"]
[Result "1-0"]
[Board "8"]
[TimeControl "180+1"]
[WhiteFideId "13300474"]
[BlackFideId "14120828"]
[WhiteElo "3112"]
[BlackElo "3009"]
[WhiteTeam "USA"]
[BlackTeam "UKR"]
[WhiteClock "0:00:04"]
[BlackClock "0:00:00"]

1. e4 Nf6 2. e5 Nd5 3. c4 Nb6 4. d4 d6 5. exd6 exd6 6. Nc3 Be7 7. Nf3 O-O 8. Be2 Bg4 9. O-O Nc6 10. d5 Bxf3 11. Bxf3 Ne5 12. b3 Nxf3+ 13. Qxf3 Bf6 14. Rb1 Bxc3 15. Qxc3 Nd7 16. Bb2 Qg5 17. f4 Qf6 18. Qh3 Qd8 19. Rbe1 c6 20. Re3 cxd5 21. cxd5 Qb6 22. Kh1 Qb5 23. Rfe1 Rad8 24. Qg4 g6 25. Re7 Qxd5 26. Qh4 Qh5 27. Qxh5 gxh5 28. R1e3 h4 29. g3 h3 30. g4 Nc5 31. g5 d5 32. Bd4 Rc8 33. Rxh3 Ne6 34. Be5 Rc1+ 35. Kg2 Rfc8 36. g6 R8c2+ 37. Kg3 Rg1+ 38. Kf3 Rxg6 39. Re8+ Nf8 40. f5 Rg1 41. Bd6 Rc3+ 42. Kf2 Rxh3 43. Rxf8+ Kg7 44. Kxg1 Rd3 45. Be7 Rd1+ 46. Kf2 Rd2+ 47. Kg3 Rxa2 48. f6+ Kg6 49. Rd8 Rd2 50. h4 h5 51. Kf4 Rd4+ 52. Ke5 Re4+ 53. Kxd5 Rxh4 54. Rg8+ Kf5 55. Rg7 Rh3 56. Rxf7 Rxb3 57. Rh7 Rd3+ 58. Kc4 Kg6 59. Rg7+ 1-0

[Event "December 12 Early 2023"]
[Site "https://www.chess.com"]
[Date "2023.12.12"]
[Round "6"]
[White "Nepomniachtchi, Ian"]
[Black "Poormosavi, Seyed Kian"]
[Result "1-0"]
[Board "9"]
[TimeControl "180+1"]
[WhiteFideId "4168119"]
[BlackFideId "12585807"]
[WhiteElo "3104"]
[BlackElo "2717"]
[WhiteTeam "RUS"]
[BlackTeam "IRI"]
[WhiteClock "0:01:22"]
[BlackClock "0:00:01"]

1. e4 c6 2. d4 d5 3. Nc3 dxe4 4. Nxe4 Nf6 5. Nxf6+ exf6 6. c3 Bf5 7. Bd3 Bxd3 8. Qxd3 Bd6 9. Ne2 O-O 10. O-O Na6 11. Bf4 Re8 12. Bxd6 Qxd6 13. Rae1 Nc5 14. Qc2 Ne4 15. Ng3 Nxg3 16. hxg3 Qd5 17. a4 f5 18. Qd2 h6 19. Qf4 Re4 20. Rxe4 fxe4 21. Re1 Re8 22. f3 e3 23. Rxe3 Rxe3 24. Qxe3 Qb3 25. Qe2 a5 26. Kh2 g6 27. c4 Qxa4 28. Qe8+ Kg7 29. d5 Qxc4 30. Qe5+ Kg8 31. d6 Qd3 32. Qe8+ Kg7 33. d7 Qd5 34. d8=Q 1-0

[Event "December 12 Early 2023"]
[Site "https://www.chess.com"]
[Date "2023.12.12"]
[Round "6"]
[White "Yeremyan, Alen"]
[Black "Le, Tuan Minh"]
[Result "0-1"]
[Board "10"]
[TimeControl "180+1"]
[WhiteFideId "13308998"]
[BlackFideId "12401153"]
[WhiteElo "2830"]
[BlackElo "3070"]
[WhiteTeam "ARM"]
[BlackTeam "VIE"]
[WhiteClock "0:00:15"]
[BlackClock "0:00:13"]

1. e4 e5 2. Nf3 Nc6 3. d4 exd4 4. Nxd4 Bc5 5. Nb3 Bb6 6. Nc3 d6 7. f3 Be6 8. Bf4 a5 9. a4 Nge7 10. Qd2 O-O 11. O-O-O Nb4 12. h4 d5 13. Bg5 f6 14. Be3 dxe4 15. Bxb6 cxb6 16. Qe3 Qc7 17. Nd4 Bf7 18. Ndb5 Qe5 19. Qxe4 Qxe4 20. Nxe4 Nf5 21. Bd3 Ne3 22. Rd2 Rac8 23. Kb1 Nxd3 24. Rxd3 Nxc2 25. Nbd6 Ba2+ 26. Kxa2 Nb4+ 27. Ka3 Nxd3 28. Nxc8 Rxc8 29. Rd1 Ne5 30. b3 Rc7 31. Rd8+ Kf7 32. Rh8 h6 33. f4 Ng6 34. Rb8 Nxf4 35. Nd6+ Ke6 36. Nxb7 Nxg2 37. b4 axb4+ 38. Kxb4 f5 39. Kb5 f4 40. Kxb6 Rc2 41. Rf8 Ne3 42. Nc5+ Ke7 43. Rg8 Kf7 44. Rd8 f3 45. Rd7+ Ke8 46. Rd3 Nc4+ 47. Kb5 f2 48. Rf3 Ne5 49. Rf5 Ng4 50. Nd3 Rd2 51. Kc4 Ne3+ 52. Kc3 Rxd3+ 53. Kxd3 Nxf5 54. Ke2 Nxh4 55. a5 Kd8 56. Kxf2 Kc8 57. Kg3 0-1

[Event "December 12 Early 2023"]
[Site "https://www.chess.com"]
[Date "2023.12.12"]
[Round "6"]
[White "Miladinovic, Igor"]
[Black "Pranav, V"]
[Result "0-1"]
[Board "11"]
[TimeControl "180+1"]
[WhiteFideId "4203380"]
[BlackFideId "25060783"]
[WhiteElo "2824"]
[BlackElo "3058"]
[WhiteTeam "SRB"]
[BlackTeam "IND"]
[WhiteClock "0:00:00"]
[BlackClock "0:00:06"]

1. d4 Nf6 2. Bg5 Ne4 3. h4 d5 4. Nd2 Nxd2 5. Qxd2 Nc6 6. e3 h6 7. Bf4 Bf5 8. Bd3 Bxd3 9. Qxd3 e6 10. O-O-O Qd7 11. Nf3 f6 12. Qg6+ Qf7 13. Qxf7+ Kxf7 14. Bxc7 Rc8 15. Bf4 h5 16. Kb1 b5 17. Rhe1 Bb4 18. c3 Be7 19. Rc1 a5 20. e4 Rhd8 21. exd5 exd5 22. a3 Ra8 23. Nd2 Bf8 24. Nb3 Rdc8 25. Nc5 Bxc5 26. dxc5 b4 27. Rcd1 Rd8 28. Bd6 bxc3 29. bxc3 Re8 30. Kc2 Rxe1 31. Rxe1 a4 32. Rd1 Ke6 33. Rb1 Na5 34. Re1+ Kf5 35. Kb2 Nc4+ 36. Ka2 Ra7 37. Rb1 Ra6 38. Bf8 g5 39. hxg5 fxg5 40. Rd1 Ke6 41. Re1+ Kf7 42. Be7 g4 43. Bh4 Rc6 44. Re7+ Kg6 45. Ra7 Rxc5 46. Rxa4 Rb5 47. Rb4 Ra5 48. a4 Kf5 49. Kb3 Ke4 50. Rb5 Ra8 51. Rb7 Na5+ 52. Kb4 Nxb7 53. Bg3 d4 54. cxd4 Kxd4 55. Bc7 Kd5 56. a5 Nc5 57. Bb6 Na6+ 58. Kb5 h4 59. f3 gxf3 60. gxf3 h3 61. Bg1 Nc5 0-1

[Event "December 12 Early 2023"]
[Site "https://www.chess.com"]
[Date "2023.12.12"]
[Round "6"]
[White "Duda, Jan-Krzysztof"]
[Black "Dragnev, Valentin"]
[Result "1-0"]
[Board "12"]
[TimeControl "180+1"]
[WhiteFideId "1170546"]
[BlackFideId "1634852"]
[WhiteElo "3051"]
[BlackElo "2804"]
[WhiteTeam "POL"]
[BlackTeam "AUT"]
[WhiteClock "0:01:09"]
[BlackClock "0:00:12"]

1. Nf3 d5 2. e3 Nf6 3. c4 e6 4. b3 b6 5. Bb2 Bb7 6. cxd5 exd5 7. Nc3 a6 8. d4 Bd6 9. g3 O-O 10. Bg2 Nbd7 11. O-O Re8 12. Rc1 Qe7 13. Rc2 Ne4 14. Nb1 a5 15. a4 Ba6 16. Re1 Bb4 17. Nc3 c6 18. Nd2 Nxd2 19. Qxd2 Nf6 20. Rec1 h5 21. Qd1 Bb7 22. Ne2 h4 23. Nf4 hxg3 24. hxg3 Rad8 25. Nd3 Bd6 26. Ne5 Bxe5 27. dxe5 Nd7 28. Rxc6 Bxc6 29. Rxc6 Nxe5 30. Rxb6 Nd7 31. Rb7 Rb8 32. Qd4 f6 33. Qxd5+ Qf7 34. Rxd7 Qxd5 35. Bxd5+ Kh8 1-0

[Event "December 12 Early 2023"]
[Site "https://www.chess.com"]
[Date "2023.12.12"]
[Round "6"]
[White "Lysyj, Igor"]
[Black "Zemlyanskii, Ivan"]
[Result "0-1"]
[Board "13"]
[TimeControl "180+1"]
[WhiteFideId "4150120"]
[BlackFideId "24249971"]
[WhiteElo "2803"]
[BlackElo "3038"]
[WhiteTeam "FID"]
[BlackTeam "RUS"]
[WhiteClock "0:00:13"]
[BlackClock "0:00:04"]

1. d4 d5 2. c4 e6 3. Nf3 Nf6 4. g3 dxc4 5. Bg2 Bb4+ 6. Bd2 c5 7. Qc1 a5 8. dxc5 Bxc5 9. Qxc4 Nbd7 10. O-O O-O 11. Ne1 b5 12. Qxb5 Ba6 13. Qxa5 Bb6 14. Qa4 Ra7 15. Qd1 Ne5 16. Nf3 Neg4 17. Nc3 Rd7 18. Qa4 Nxf2 19. Rxf2 Rxd2 20. Qxa6 Ng4 21. Ne4 Bxf2+ 22. Nxf2 Nxf2 23. Kxf2 Rxb2 24. Qd3 Qxd3 0-1

[Event "December 12 Early 2023"]
[Site "https://www.chess.com"]
[Date "2023.12.12"]
[Round "6"]
[White "Gan-Erdene, Sugar"]
[Black "Sarana, Alexey"]
[Result "0-1"]
[Board "14"]
[TimeControl "180+1"]
[WhiteFideId "4902980"]
[BlackFideId "24133795"]
[WhiteElo "2798"]
[BlackElo "3025"]
[WhiteTeam "MGL"]
[BlackTeam "SRB"]
[WhiteClock "0:00:00"]
[BlackClock "0:00:18"]

1. d4 Nf6 2. c4 e6 3. g3 d5 4. Nf3 Be7 5. Bg2 O-O 6. O-O dxc4 7. Qa4 a6 8. Qxc4 b5 9. Qc2 Bb7 10. Bd2 Nc6 11. e3 Nb4 12. Bxb4 Bxb4 13. a3 Bd6 14. Nbd2 Qe7 15. Rfc1 Rfc8 16. e4 e5 17. dxe5 Bxe5 18. Nxe5 Qxe5 19. Qc5 Qxc5 20. Rxc5 Nd7 21. Rc2 c5 22. Rac1 c4 23. b3 cxb3 24. Nxb3 Rxc2 25. Rxc2 Rc8 26. Rxc8+ Bxc8 27. Bf1 Ne5 28. Nc5 Nf3+ 29. Kg2 Ne1+ 30. Kg1 Nc2 31. a4 bxa4 32. Nxa4 a5 33. Bd3 Ne1 34. Bb5 Nf3+ 35. Kg2 Nd4 36. Bd3 Bd7 37. Nc5 Bc6 38. f4 a4 39. Kf2 a3 40. Bc4 Bb5 41. Bd5 Nc2 42. e5 Nb4 43. Be4 Bc4 44. Bb1 a2 45. Bxa2 Bxa2 46. Ke3 Bd5 47. Kd4 Bg2 48. Ke3 Nc6 49. Nd3 g6 50. Nf2 h5 51. Nd3 Ne7 52. Kf2 Be4 53. Nc5 Bc6 54. Nb3 Nf5 55. h3 Bd7 56. Nc5 Bc8 57. Ne4 Kg7 58. Ng5 Nd4 59. Ke3 Ne6 60. Nf3 Nc7 61. Ng5 Bf5 62. h4 Ne6 63. Nf3 Kf8 64. Nd2 Ke7 65. Nc4 Ng7 66. Kf2 Be6 67. Nd6 Nf5 68. Ne4 Kd7 69. Ng5 Kc6 70. Kf3 Kd5 71. Kf2 Kd4 72. Nf3+ Kd3 73. Ng5 Nh6 74. Nh7 Ng4+ 75. Kg2 Ke2 76. Ng5 Bd5+ 77. Kg1 Ne3 0-1

[Event "December 12 Early 2023"]
[Site "https://www.chess.com"]
[Date "2023.12.12"]
[Round "6"]
[White "Khismatullin, Denis"]
[Black "Dragun, Kamil"]
[Result "1/2-1/2"]
[Board "15"]
[TimeControl "180+1"]
[WhiteFideId "4142578"]
[BlackFideId "1134167"]
[WhiteElo "2981"]
[BlackElo "2797"]
[WhiteTeam "RUS"]
[BlackTeam "POL"]
[WhiteClock "0:00:12"]
[BlackClock "0:00:12"]

1. e4 e5 2. Nf3 Nc6 3. Bc4 Nf6 4. d3 Bc5 5. Nc3 d6 6. Na4 Bb6 7. c3 O-O 8. O-O Be6 9. Bxe6 fxe6 10. b4 h6 11. Re1 Ne7 12. d4 exd4 13. cxd4 Ng6 14. Qb3 Qd7 15. Bb2 Rf7 16. Rad1 Raf8 17. Nc5 Bxc5 18. dxc5 Ng4 19. cxd6 cxd6 20. h3 Nf6 21. Ne5 Nxe5 22. Bxe5 Ne8 23. Bg3 Qe7 24. b5 Kh7 25. Qa3 b6 26. e5 d5 27. Qd3+ Kg8 28. f3 Nc7 29. Bf2 Rf4 30. Rc1 Rb4 31. Rb1 Rff4 32. Rec1 Rxb1 33. Rxb1 Rc4 34. a4 Qf7 35. a5 Qd7 36. axb6 axb6 37. Bxb6 Nxb5 38. Bf2 Kf7 39. Kh2 Qc6 40. Qb3 Nc7 41. Qb7 Qxb7 42. Rxb7 Ke8 43. Bb6 Kd7 44. f4 g6 45. g4 Kc8 46. Ra7 Rc6 47. Bxc7 Rxc7 48. Ra6 Kd7 49. f5 gxf5 50. gxf5 exf5 51. Rxh6 Rc3 52. h4 Re3 53. Rd6+ Ke7 54. Rxd5 Ke6 55. Rd8 Rxe5 56. Re8+ Kf6 57. Rxe5 Kxe5 58. Kg3 f4+ 59. Kf3 Kf5 60. h5 Kg5 61. h6 Kxh6 62. Kxf4 1/2-1/2

[Event "December 12 Early 2023"]
[Site "https://www.chess.com"]
[Date "2023.12.12"]
[Round "6"]
[White "Wagh Suyog"]
[Black "Daneshvar, Bardiya"]
[Result "0-1"]
[Board "16"]
[TimeControl "180+1"]
[WhiteFideId "25071688"]
[BlackFideId "12576468"]
[WhiteElo "2793"]
[BlackElo "2975"]
[WhiteTeam "IND"]
[BlackTeam "IRI"]
[WhiteClock "0:00:01"]
[BlackClock "0:01:37"]

1. e4 d6 2. d4 a6 3. Nf3 Nc6 4. d5 Na7 5. c4 b5 6. Nc3 b4 7. Ne2 c5 8. Ng3 e5 9. dxe6 Bxe6 10. b3 Be7 11. Bb2 Bf6 12. Qd2 Bxb2 13. Qxb2 Qf6 14. Qxf6 Nxf6 15. Rd1 Ke7 16. h3 Nc6 17. Be2 Nd7 18. O-O Nde5 19. Rd2 Nxf3+ 20. Bxf3 Ne5 21. Be2 g5 22. Rfd1 Rhd8 23. Nf1 a5 24. Ne3 a4 25. Bg4 axb3 26. axb3 Ra3 27. Rb1 Rda8 28. Bf5 Ra1 29. Rdd1 Rxb1 30. Rxb1 h5 31. Rb2 Ra1+ 32. Kh2 Nd3 33. Rd2 Nc1 34. Rb2 Ra3 35. Rb1 Ne2 36. Bxe6 fxe6 37. Nc2 Ra2 38. Ne1 Nd4 39. Nf3 Nxf3+ 40. gxf3 Rxf2+ 41. Kg3 Rd2 42. Ra1 h4+ 43. Kg4 Rg2+ 44. Kh5 Rg3 45. Rf1 e5 46. Kg6 Ke6 47. Rf2 Rxh3 48. Kxg5 Rh1 49. f4 exf4 50. Kxf4 Rh3 51. Rb2 Rg3 52. Rh2 Rxb3 53. Rxh4 Rc3 54. Rh6+ Kd7 55. Rh7+ Kc6 56. Rh6 Rxc4 57. Kf5 b3 58. e5 b2 59. Rxd6+ Kc7 60. Rd1 Rc1 61. Rd2 b1=Q+ 62. Kf6 Rf1+ 63. Ke7 Qf5 64. e6 Qf8# 0-1

[Event "December 12 Early 2023"]
[Site "https://www.chess.com"]
[Date "2023.12.12"]
[Round "6"]
[White "Alexandre, Anne Shopie Elizabeth"]
[Black "Zhigalko, Sergei"]
[Result "0-1"]
[Board "17"]
[TimeControl "180+1"]
[WhiteFideId "11902418"]
[BlackFideId "13502956"]
[WhiteElo "2791"]
[BlackElo "2951"]
[WhiteTeam "HAI"]
[BlackTeam "BLR"]
[WhiteClock "0:01:03"]
[BlackClock "0:00:45"]

1. d4 Nf6 2. Nf3 e6 3. c4 b6 4. a3 Ba6 5. Qc2 Bb7 6. Nc3 c5 7. e4 cxd4 8. Nxd4 Nc6 9. Nxc6 Bxc6 10. Be2 Qc7 11. Be3 Bc5 12. Bxc5 bxc5 13. O-O O-O 14. b4 Qe5 15. b5 Bxe4 16. Nxe4 Nxe4 17. Bf3 d5 18. Rae1 f5 19. cxd5 exd5 20. Qxc5 Rfd8 21. Rd1 Nxc5 0-1

[Event "December 12 Early 2023"]
[Site "https://www.chess.com"]
[Date "2023.12.12"]
[Round "6"]
[White "Mamedov, Edgar"]
[Black "Maksimovic, Bojan"]
[Result "0-1"]
[Board "18"]
[TimeControl "180+1"]
[WhiteFideId "13739980"]
[BlackFideId "14408120"]
[WhiteElo "2786"]
[BlackElo "2910"]
[WhiteTeam "KAZ"]
[BlackTeam "BIH"]
[WhiteClock "0:00:02"]
[BlackClock "0:00:12"]

1. d4 a6 2. g3 c5 3. dxc5 Qa5+ 4. Nd2 Qxc5 5. Bg2 Qc7 6. Ngf3 Nf6 7. O-O e6 8. c4 Nc6 9. b3 Be7 10. Bb2 O-O 11. Nd4 Rd8 12. e4 Nxd4 13. Bxd4 d6 14. Qe2 Bd7 15. Qe3 Re8 16. Bb6 Qc8 17. h3 Bc6 18. f4 Nd7 19. Bd4 b5 20. Kh2 Qb7 21. cxb5 axb5 22. Rfc1 Rec8 23. b4 e5 24. Bb2 Bf6 25. f5 h6 26. Nb3 Bg5 27. Qd3 Bxc1 28. Rxc1 Nf6 29. Na5 Qd7 30. Rd1 Rab8 31. g4 Ba8 32. Bc1 Qc7 33. g5 hxg5 34. Bxg5 Qc2 35. Bxf6 Qxd3 36. Rxd3 gxf6 37. Rxd6 Rc2 38. Kg3 Kg7 39. Nb3 Rxa2 40. Nc5 Rb2 41. Nd7 Rd8 42. Nxf6 Rxd6 43. Ne8+ Kf8 44. Nxd6 Rxb4 45. Bf1 Bc6 46. f6 Rd4 47. Nxb5 Bxb5 48. Bxb5 Rxe4 49. Kf3 Rf4+ 50. Ke3 Rxf6 51. Ke4 Rh6 52. h4 Rxh4+ 53. Kxe5 Rh5+ 54. Kf6 Rh6+ 55. Kg5 Rb6 56. Bd3 Kg7 57. Be4 Rb5+ 58. Bf5 Ra5 59. Kg4 Kf6 60. Bd3 Ra4+ 61. Kf3 Ke5 62. Bb5 Rb4 63. Be8 f5 64. Bc6 Rb3+ 65. Kf2 Kf4 66. Bd5 Rb2+ 67. Kf1 Ke3 68. Kg1 f4 69. Bc4 f3 70. Ba6 Rb1+ 71. Kh2 f2 0-1

[Event "December 12 Early 2023"]
[Site "https://www.chess.com"]
[Date "2023.12.12"]
[Round "6"]
[White "Indjic, Aleksandar"]
[Black "Shuvalova, Polina"]
[Result "1-0"]
[Board "19"]
[TimeControl "180+1"]
[WhiteFideId "911925"]
[BlackFideId "24171760"]
[WhiteElo "2909"]
[BlackElo "2777"]
[WhiteTeam "SRB"]
[BlackTeam "RUS"]
[WhiteClock "0:00:20"]
[BlackClock "0:00:10"]

1. d4 Nf6 2. c4 e6 3. Nc3 d5 4. Nf3 c5 5. cxd5 Nxd5 6. e4 Nxc3 7. bxc3 cxd4 8. cxd4 Bb4+ 9. Bd2 Bxd2+ 10. Qxd2 O-O 11. Bc4 Nd7 12. O-O b6 13. Rfe1 Bb7 14. Rad1 Nf6 15. Bd3 Rc8 16. Qf4 Qc7 17. Qh4 h6 18. Bb1 Rfd8 19. h3 b5 20. Re3 a5 21. Nh2 Rxd4 22. Rxd4 Qc1+ 23. Nf1 Qxb1 24. f3 b4 25. Re1 Qxa2 26. Rd6 b3 27. Rb6 Bc6 28. Qf2 Qxf2+ 29. Kxf2 a4 30. Rc1 Ra8 31. Rcxc6 a3 32. Ra6 Rb8 33. Nd2 b2 34. Nb1 Nh5 35. Rxa3 Nf4 36. Rc2 e5 37. g3 Ne6 38. Ra2 Nd4 39. Rcxb2 Rc8 40. Ra3 g5 41. Rc3 Ra8 42. Nd2 Ra1 43. Nf1 Kg7 44. Ne3 Rh1 45. Kg2 Re1 46. Nf5+ Nxf5 47. exf5 Kf6 48. g4 e4 49. fxe4 Ke5 50. Kf2 Rg1 51. Kxg1 1-0

[Event "December 12 Early 2023"]
[Site "https://www.chess.com"]
[Date "2023.12.12"]
[Round "6"]
[White "Harsha Bharathakoti"]
[Black "Goh, Wei Ming Kevin"]
[Result "0-1"]
[Board "20"]
[TimeControl "180+1"]
[WhiteFideId "5078776"]
[BlackFideId "5800706"]
[WhiteElo "2903"]
[BlackElo "2765"]
[WhiteTeam "IND"]
[BlackTeam "SGP"]
[WhiteClock "0:00:00"]
[BlackClock "0:00:28"]

1. e4 c5 2. Nc3 Nc6 3. Bb5 Nd4 4. Nf3 e6 5. O-O a6 6. Bd3 Nc6 7. Rb1 Nf6 8. Re1 d6 9. a3 Be7 10. b4 O-O 11. bxc5 dxc5 12. a4 b6 13. e5 Nd5 14. Be4 Bb7 15. Ne2 Qc7 16. Ng3 Rad8 17. Qe2 Nf4 18. Qe3 Ng6 19. Bb2 Nb4 20. Bc3 Nd5 21. Qe2 Ngf4 22. Qc4 Rd7 23. d3 Rfd8 24. Bd2 Ng6 25. h4 Bc6 26. h5 b5 27. axb5 axb5 28. Qb3 Nf8 29. Ra1 h6 30. Ba5 Nb6 31. Bxc6 Qxc6 32. Reb1 b4 33. Bxb6 Qxb6 34. Qc4 Rd5 35. Ra6 Qb8 36. Rba1 Nd7 37. Ne4 Nxe5 38. Nxe5 Qxe5 39. Ra7 Bf8 40. Ng3 R5d7 41. Rxd7 Qxa1+ 0-1

[Event "December 12 Early 2023"]
[Site "https://www.chess.com"]
[Date "2023.12.12"]
[Round "6"]
[White "Kovalev, Vladislav"]
[Black "Gormally, Daniel W"]
[Result "1/2-1/2"]
[Board "21"]
[TimeControl "180+1"]
[WhiteFideId "13504398"]
[BlackFideId "406465"]
[WhiteElo "2902"]
[BlackElo "2764"]
[WhiteTeam "FID"]
[BlackTeam "ENG"]
[WhiteClock "0:00:40"]
[BlackClock "0:00:55"]

1. e4 c5 2. Nf3 d6 3. Bb5+ Nd7 4. O-O Nf6 5. Re1 a6 6. Bf1 b6 7. d4 cxd4 8. Nxd4 Bb7 9. f3 e6 10. c4 Be7 11. Nc3 O-O 12. Be3 Rc8 13. Rc1 Rc7 14. Qd2 Qa8 15. b3 Rfc8 16. Nde2 h6 17. Ng3 Bf8 18. Na4 b5 19. cxb5 axb5 20. Rxc7 Rxc7 21. Bxb5 d5 22. e5 d4 23. Bxd4 Nd5 24. Ne4 Bb4 25. Nac3 Qa5 26. Bc4 N5b6 27. Nd6 Bxd6 28. exd6 Nxc4 29. bxc4 Rxc4 30. Qe3 Qa3 31. Ne2 Qxd6 32. Ba1 Qc5 33. Qxc5 Nxc5 34. Rc1 Bd5 35. Rxc4 Bxc4 36. Nc1 Nd3 37. Nxd3 Bxd3 38. a4 f6 39. Kf2 e5 40. Ke3 Bf1 41. g3 Kf7 42. g4 Ke6 43. h4 g6 44. a5 h5 45. gxh5 gxh5 46. Bc3 f5 47. f4 exf4+ 48. Kxf4 Be2 49. Bd2 Kf6 50. Be3 Ke6 51. Bf2 Kf6 52. Be1 Ke6 53. Bc3 Bd3 54. Kg5 Be2 55. Bb2 f4 56. Kxf4 Kd5 57. Kf5 Kc6 58. Bc1 Kb5 59. Bd2 Ka6 60. Ke5 Bd1 61. Kd6 Be2 62. Kc7 Bd1 63. Kd6 Be2 64. Ke5 Bd1 65. Kd4 Be2 66. Kc3 Bd1 67. Kb2 Bg4 68. Kc1 Bf3 69. Bc3 Bg4 70. Kd2 Bf3 71. Ke3 Bg4 72. Kf2 Bd1 73. Kg3 Bg4 74. Kf4 Bd1 75. Ke4 Bg4 76. Kd3 Bd1 77. Kd2 Bf3 78. Kc2 Bg4 79. Kc1 Bf3 80. Kd2 Bg4 81. Ke1 Bf3 82. Kf2 Bg4 83. Bb4 Bd1 84. Ke3 Bg4 85. Be1 Bd1 86. Kf2 Bg4 87. Kg3 Bd1 88. Kf2 Bg4 89. Kg3 Bd1 90. Kf2 1/2-1/2

[Event "December 12 Early 2023"]
[Site "https://www.chess.com"]
[Date "2023.12.12"]
[Round "6"]
[White "Ashraf, Artin"]
[Black "Kozak, Antoni"]
[Result "1-0"]
[Board "22"]
[TimeControl "180+1"]
[WhiteFideId "22514805"]
[BlackFideId "21832030"]
[WhiteElo "2897"]
[BlackElo "2759"]
[WhiteTeam "IRI"]
[BlackTeam "POL"]
[WhiteClock "0:00:03"]
[BlackClock "0:00:00"]

1. Nf3 Nf6 2. g3 c5 3. Bg2 Nc6 4. O-O e5 5. d3 d5 6. e4 d4 7. Na3 Bd6 8. Nc4 Bc7 9. a4 h6 10. Nh4 g6 11. f4 exf4 12. gxf4 Nh5 13. Nf5 Be6 14. Ng3 Nxg3 15. hxg3 h5 16. Na3 Bg4 17. Bf3 Qd7 18. Bxg4 hxg4 19. Kg2 Rh3 20. Bd2 O-O-O 21. Qe2 Rdh8 22. Rh1 f5 23. Rxh3 Rxh3 24. Rh1 Qh7 25. Qe1 fxe4 26. dxe4 g5 27. e5 gxf4 28. gxf4 Ne7 29. Rxh3 Qxh3+ 30. Kg1 Nf5 31. Qf1 Qh5 32. Qc4 g3 33. Qe6+ Kd8 34. Qd5+ Ke8 35. Qg8+ Ke7 36. Qg5+ Qxg5 37. fxg5 Bxe5 38. Nc4 Bc7 39. Kg2 Nh4+ 40. Kf1 Nf3 41. Kg2 Nh4+ 42. Kf1 Ke6 43. b3 Nf3 44. Kg2 Nh4+ 45. Kf1 Kf5 46. Bc1 Nf3 47. Kg2 Ne1+ 48. Kf1 Nxc2 49. Nb2 Nb4 50. Kg2 a6 51. Nc4 b5 52. axb5 axb5 53. Na3 Nd3 54. Bd2 b4 55. Nc4 Kg4 56. g6 Be5 57. Nxe5+ Nxe5 58. g7 1-0

[Event "December 12 Early 2023"]
[Site "https://www.chess.com"]
[Date "2023.12.12"]
[Round "6"]
[White "Weetik, Vjacheslav"]
[Black "Galchenko, Matvey"]
[Result "1-0"]
[Board "23"]
[TimeControl "180+1"]
[WhiteFideId "4153472"]
[BlackFideId "24175480"]
[WhiteElo "2755"]
[BlackElo "2892"]
[WhiteTeam "RUS"]
[BlackTeam "FID"]
[WhiteClock "0:00:23"]
[BlackClock "0:00:01"]

1. e4 e6 2. d4 d5 3. exd5 exd5 4. Nf3 Nf6 5. Bd3 c5 6. c3 Bd6 7. dxc5 Bxc5 8. O-O O-O 9. Nbd2 Nc6 10. Nb3 Bb6 11. Bg5 h6 12. Bh4 g5 13. Nxg5 hxg5 14. Bxg5 Kg7 15. Qf3 Bc7 16. Rfe1 Rh8 17. h4 Qd6 18. g3 Ne5 19. Rxe5 Qxe5 20. Bf4 Qe7 21. Bg5 Qd6 22. Bf4 Qe7 23. Bg5 Bd7 24. Nd4 Rae8 25. Bf5 Be5 26. Re1 Qd6 27. Bxd7 Bxd4 28. Bxe8 Nxe8 29. cxd4 Qb6 30. Qxd5 Rg8 31. Re7 Rf8 32. Qe5+ Kg8 33. Rxe8 1-0

[Event "December 12 Early 2023"]
[Site "https://www.chess.com"]
[Date "2023.12.12"]
[Round "6"]
[White "Bacrot, Etienne"]
[Black "Matinian, Nikita"]
[Result "0-1"]
[Board "25"]
[TimeControl "180+1"]
[WhiteFideId "605506"]
[BlackFideId "24129100"]
[WhiteElo "2862"]
[BlackElo "2747"]
[WhiteTeam "FRA"]
[BlackTeam "FID"]
[WhiteClock "0:00:19"]
[BlackClock "0:01:24"]

1. e4 c5 2. Nf3 d6 3. Bb5+ Nd7 4. O-O a6 5. Bd3 g6 6. Re1 Bg7 7. c3 Ngf6 8. Bc2 Ne5 9. d4 Nxf3+ 10. Qxf3 cxd4 11. cxd4 Nd7 12. Be3 e5 13. Qd1 exd4 14. Bxd4 Bxd4 15. Qxd4 Qf6 16. Qxf6 Nxf6 17. Nc3 Be6 18. Rad1 Ke7 19. f4 Rhc8 20. f5 Bxa2 21. e5 dxe5 22. Rxe5+ Kf8 23. fxg6 hxg6 24. Rf1 Kg7 25. Bf5 Rxc3 26. bxc3 gxf5 27. Rexf5 Ne4 28. Ra1 Be6 29. Rf3 a5 30. Re3 Nc5 31. Rg3+ Kf8 32. h4 a4 33. Ra3 Ke7 34. Rg5 b6 35. h5 Kf6 36. Rg3 Rh8 37. Rf3+ Ke7 0-1

[Event "December 12 Early 2023"]
[Site "https://www.chess.com"]
[Date "2023.12.12"]
[Round "6"]
[White "Xu, Yi"]
[Black "Arslanov, Shamil"]
[Result "1-0"]
[Board "26"]
[TimeControl "180+1"]
[WhiteFideId "8605564"]
[BlackFideId "4192826"]
[WhiteElo "2859"]
[BlackElo "2735"]
[WhiteTeam "CHN"]
[BlackTeam "RUS"]
[WhiteClock "0:00:13"]
[BlackClock "0:00:03"]

1. e4 d6 2. d4 e5 3. Nf3 Bg4 4. dxe5 Nc6 5. Bb5 dxe5 6. Qxd8+ Rxd8 7. Bxc6+ bxc6 8. Nbd2 f6 9. h3 Be6 10. Nb3 a5 11. Be3 Rb8 12. O-O-O a4 13. Nc5 Bxc5 14. Bxc5 Bxa2 15. Rd3 Bc4 16. Ra3 Bb5 17. Nd2 Ne7 18. c4 Ba6 19. Rxa4 Bc8 20. Ra7 Rb7 21. Ra8 Kf7 22. Kc2 Ng6 23. g3 Be6 24. Rxh8 Nxh8 25. h4 h5 26. Ra1 Ng6 27. Ra8 f5 28. Nf3 fxe4 29. Ng5+ Kf6 30. b3 Bf5 31. Kc3 e3 32. fxe3 Bg4 33. e4 Bd1 34. b4 Be2 35. Re8 Bg4 36. Kb2 Be2 37. Re6# 1-0

[Event "December 12 Early 2023"]
[Site "https://www.chess.com"]
[Date "2023.12.12"]
[Round "6"]
[White "Putnam, Liam"]
[Black "Kourkoulos-Arditis, Stamatis"]
[Result "1-0"]
[Board "27"]
[TimeControl "180+1"]
[WhiteFideId "30938279"]
[BlackFideId "4221990"]
[WhiteElo "2846"]
[BlackElo "2721"]
[WhiteTeam "USA"]
[BlackTeam "GRE"]
[WhiteClock "0:00:06"]
[BlackClock "0:00:00"]

1. d4 Nf6 2. c4 d6 3. Nc3 Nbd7 4. Nf3 e5 5. e4 c6 6. d5 Nc5 7. Qc2 a5 8. Be3 Qc7 9. Bxc5 dxc5 10. Be2 Be7 11. O-O-O O-O 12. Rhg1 a4 13. a3 Bd7 14. h3 cxd5 15. exd5 Bd6 16. g4 g6 17. Nd2 Rab8 18. h4 Rfe8 19. g5 Bf5 20. Qxa4 Nd7 21. Nb5 Qb6 22. Nxd6 Qxd6 23. Bg4 b5 24. cxb5 Bd3 25. Bxd7 Qxd7 26. Nc4 e4 27. Ne3 Rxb5 28. Rd2 Reb8 29. Ng4 Qb7 30. Nf6+ Kg7 31. Nxe4 Rxb2 32. Rxd3 Rb1+ 33. Kd2 Rxg1 34. Ke3 Qb2 35. Qa5 Re8 36. f3 Qc1+ 37. Qd2 Re1+ 38. Kf4 Qa1 39. Qc3+ Qxc3 40. Rxc3 Rc8 41. d6 Rd1 42. Rc4 Rd5 43. a4 Kf8 44. a5 Rd1 45. Ra4 1-0

[Event "December 12 Early 2023"]
[Site "https://www.chess.com"]
[Date "2023.12.12"]
[Round "6"]
[White "Volkov, Maksim"]
[Black "Finek, Vaclav"]
[Result "0-1"]
[Board "28"]
[TimeControl "180+1"]
[WhiteFideId "54123070"]
[BlackFideId "23718293"]
[WhiteElo "2695"]
[BlackElo "2846"]
[WhiteTeam "RUS"]
[BlackTeam "CZE"]
[WhiteClock "0:00:16"]
[BlackClock "0:00:12"]

1. d4 d5 2. c4 c6 3. Nf3 Nf6 4. e3 e6 5. Bd3 Nbd7 6. O-O Bd6 7. Nbd2 O-O 8. e4 dxe4 9. Nxe4 Nxe4 10. Bxe4 c5 11. dxc5 Nxc5 12. Bc2 a5 13. Be3 Qc7 14. Qd4 e5 15. Nxe5 Bxe5 16. Qxc5 Bxh2+ 17. Kh1 Bd6 18. Qxc7 Bxc7 19. Be4 Be6 20. c5 Rab8 21. Rfd1 b6 22. c6 Rbd8 23. b3 f5 24. Bf3 Kf7 25. Bg5 Rc8 26. Rac1 h6 27. Be3 Rfd8 28. Bh5+ g6 29. Be2 g5 30. g3 Rxd1+ 31. Rxd1 Rd8 32. Rc1 f4 33. gxf4 gxf4 34. Bh5+ Kf6 35. Bxb6 Bxb6 36. c7 Rc8 37. Rc6 Rxc7 38. Rxb6 Ke5 39. Kg2 Bd5+ 40. Bf3 Rg7+ 41. Kh3 Bxf3 42. Rb5+ Ke4 43. Rxa5 Rg5 44. Ra4+ Ke5 45. Ra5+ Kf6 46. Rxg5 hxg5 47. a4 Ke5 48. a5 Kd5 49. b4 Kc6 50. Kh2 Kb5 51. Kh3 Kxb4 52. a6 Kb5 53. a7 Kb6 54. a8=Q Bxa8 55. Kg4 f3 56. Kxg5 Kc5 57. Kf4 Kd4 58. Kg3 Kd3 59. Kh2 Ke2 60. Kh1 Kxf2 61. Kh2 Bb7 62. Kh1 Ba6 63. Kh2 Ke3 64. Kh1 f2 65. Kh2 f1=Q 66. Kg3 Qf3+ 67. Kh4 Qg2 68. Kh5 Bd3 69. Kh6 Qg6# 0-1